 Dungeon Crawl Stone Soup version 0.27-a0-1188-g73eefd5def (webtiles) character file.

Game seed: 483682092627821198

41 robertstho the Magician (level 3, 0/26 HPs)
             Began as a Djinni Fire Elementalist on May 21, 2021.
             Slain by a goblin
             ... wielding a +0 dagger
             ... led by Robin
              (2 damage)
             ... on level 2 of the Dungeon.
             The game lasted 00:01:27 (1248 turns).

robertstho the Magician (Djinni Fire Elementalist)  Turns: 1248, Time: 00:01:28

Health: 0/26       AC:  2    Str:  7    XL:     3   Next: 75%
Gold:   61         EV: 12    Int: 17    God:
                   SH:  0    Dex: 13

rFire    + + .     SeeInvis .   b - +0 dagger
rCold    x . .     Faith    .   (no shield)
rNeg     . . .     Spirit   .   a - +0 robe
rPois    ∞         Reflect  .   (no helmet)
rElec    .         Harm     .   (no cloak)
rCorr    .         Rampage  .   (no gloves)
Will     .....                  (boots unavailable)
Stlth    ++........             (no amulet)
HPRegen  0.08/turn              (no ring)
MPRegen  0.00/turn              (no ring)

@: flying
A: sickness immunity, fire resistance 2, cold vulnerability 1, float, innate
caster, hp casting, extra vitality 1
a: no special abilities


You were on level 2 of the Dungeon.
You visited 1 branch of the dungeon, and saw 2 of its levels.

You collected 61 gold pieces.

Inventory:

Hand Weapons
 b - a +0 dagger (weapon)
Armour
 a - a +0 robe (worn)


   Skills:
 * Level 0.4 Fighting
 + Level 2.4 Dodging
 + Level 1.7 Stealth
 * Level 3.3 Spellcasting


You couldn't memorise any spells.
You knew the following spells:

 Your Spells              Type           Power      Damage    Failure   Level
a - Foxfire               Conj/Fire      56%        2x1d6     4%          1
b - Conjure Flame         Conj/Fire      14%        6-21      13%         3
c - Inner Flame           Hex/Fire       14%        N/A       13%         3
d - Sticky Flame          Conj/Fire      14%        2d4       41%         4
e - Fireball              Conj/Fire      7%         3d5       77%         5
f - Sandblast             Erth           28%        2d8       4%          1
Your spell library was empty.

Dungeon Overview and Level Annotations

Branches:
Dungeon (2/15)

Altars:

Annotations:
D:2 Robin


Innate Abilities, Weirdness & Mutations

You are immune to sickness and miasma.
You are immune to poison.
Your flesh is very heat resistant. (rF++)
You are vulnerable to cold. (rC-)
You float through the air rather than walking.
You learn spells naturally, not from books.
Your magical power is your life essence.
You have superior vitality. (+4 HP)


Message History

You kill the adder!
The foxfire hits the goblin.
You kill the goblin!
Your magical contamination has completely faded away.
Unknown command.
Your foxfire dissipates!
The foxfire hits Robin.
Robin is moderately wounded.
Robin roars a battlecry!
A goblin comes into view. It is wielding a +0 dagger.
You hear a shout! x2
Robin throws the goblin at you!
* * * LOW HITPOINT WARNING * * *
As you read the scroll labelled OLIFRU DOCELOH, it crumbles to dust.
It is a scroll of identify.
You don't have any unidentified items.
The goblin hits you with a +0 dagger.
* * * LOW HITPOINT WARNING * * *
You hit the goblin.
The goblin is moderately wounded.
The goblin closely misses you.
You hit the goblin.
The goblin is severely wounded.
The goblin barely misses you.
A goblin comes into view. It is wielding a +0 dagger.
Robin roars a battlecry!
You miss the goblin.
The goblin is severely wounded.
The goblin misses you.
A hobgoblin comes into view.
Robin flexes a bicep menacingly.
Robin hits you but does no damage.
Unknown command.
You hit the goblin but do no damage.
The goblin is severely wounded.
The goblin barely misses you. The goblin hits you but does no damage.
You hit the goblin but do no damage.
The goblin is severely wounded.
The goblin hits you with a +0 dagger.
You die...

### ##.## ##...##
##.....## ###
##.......###.####
########g........†......
......g@ggg....†###.###.
##########†....## ###...
#######.#.).## ###...
#..g..g###..# #.....
......))#.#..g# #.#...
.##.###g##.#..# #.#... #
#.##.#..# #.###. #g##
#..# ###.# #. #)# >...
....###.


You could see Robin, 2 hobgoblins and 2 goblins.

Vanquished Creatures
  2 adders (D:2)
  4 ball pythons
  2 endoplasms (D:2)
  A giant cockroach (D:1)
  3 hobgoblins
  A bat (D:1)
  5 goblins
  2 kobolds (D:1)
  2 rats (D:2)
22 creatures vanquished.

Vanquished Creatures (collateral kills)
  A foxfire (D:2)
1 creature vanquished.

Vanquished Creatures (others)
  79 foxfires
79 creatures vanquished.

Grand Total: 102 creatures vanquished

Notes
Turn   | Place    | Note
-------+----------+-------------------------------------------
     0 | D:1      | robertstho the Djinni Fire Elementalist began the quest for
                  | the Orb.
     0 | D:1      | Reached XP level 1. HP: 15/15 MP: 0/0
   632 | D:1      | Reached XP level 2. HP: 20/21 MP: 0/0
  1122 | D:2      | Reached skill level 3 in Spellcasting
  1122 | D:2      | Reached XP level 3. HP: 19/26 MP: 0/0
  1122 | D:2      | Learned a level 1 spell: Sandblast
  1226 | D:2      | Noticed Robin
  1248 | D:2      | Slain by a goblin

Illustrated notes

Levels and vault maps discovered:
D:1:      dpeg_arrival_signposts, layout_rooms
D:2:      layout_loops_ring, minmay_lizard_king, uniq_robin

Skill      XL: |  1  2 |
---------------+-------+-----
Spellcasting   | 3 |  3.3
Fighting       | |  0.4
Dodging        | |  2.4
Stealth        | |  1.7

Action                   || total
-------------------------++-------
Melee: Dagger            ||     5
 Cast: Foxfire           ||    47
  Use: Scroll            ||     1
Armor: Robe              ||     4
Dodge: Dodged            ||    15

Table legend: (Time is in decaauts)
 A = Elapsed time spent in this place.
 B = Non-inter-level travel time spent in this place.
 C = Inter-level travel time spent in this place.
 D = Time resting spent in this place.
 E = Time spent auto-exploring this place.
 F = Levels seen in this place.
 G = Mean time per level.
                   A        B        C        D        E       F      G
               +--------+--------+--------+--------+--------+-----+--------+
         Total |   1247 |   1193 |     54 |      0 |   1068 |   2 |  623.5 |
       Dungeon |   1247 |   1193 |     54 |      0 |   1068 |   2 |  623.5 |
               +--------+--------+--------+--------+--------+-----+--------+

Top non-repeatable levels by time:
     D:1: 986 daAuts
     D:2: 260 daAuts
